 Dungeon Crawl Stone Soup version 0.32-a0-799-g95e1662365 (webtiles) character file.

Game seed: 10829060339810126619

2727 pokeman the Thaumaturge (level 9, -4/51 HPs)
             Began as a Deep Elf Hedge Wizard on Mar 21, 2024.
             Was a Follower of Vehumet.
             Slain by a vampire (13 damage)
             ... on level 6 of the Dungeon.
             The game lasted 00:18:38 (6932 turns).

pokeman the Thaumaturge (Deep Elf Hedge Wizard)     Turns: 6932, Time: 00:18:38

Health: -4/51      AC:  4    Str:  7    XL:     9   Next: 40%
Magic:  14/26      EV: 12    Int: 24    God:    Vehumet [*.....]
Gold:   357        SH:  0    Dex: 20    Spells: 14/31 levels left

rFire   . . .        a - +2 quarterstaff (chaos)
rCold   . . .        (shield currently unavailable)
rNeg    . . .        b - +0 robe
rPois   .            c - +0 hat
rElec   .            F - +0 cloak
rCorr   .            (no gloves)
SInv    .            M - +0 pair of boots
Will    .....        o - amulet of magic regeneration
Stlth   +++          f - +6 ring of dexterity
HPRegen 0.28/turn    z - ring of wizardry
MPRegen 0.60/turn

%: wizardry (x1)
@: no status effects
A: no striking features
a: Renounce Religion


You were on level 6 of the Dungeon.
You worshipped Vehumet.
Vehumet was aware of your devotion.
You visited 2 branches of the dungeon, and saw 9 of its levels.
You also visited: Sewer.

You collected 357 gold pieces.

Inventory:

Hand Weapons
 a - a +2 quarterstaff of chaos (weapon)
Armour
 b - a +0 robe (worn)
 c - a +0 hat (worn)
 F - a +0 cloak (worn)
 L - a +1 ring mail of fire resistance
 M - a +0 pair of boots (worn)
Jewellery
 f - a +6 ring of dexterity (left hand)
 o - an amulet of magic regeneration (around neck)
 r - a ring of ice
 z - a ring of wizardry (right hand)
 I - a +6 ring of strength
Wands
 n - a wand of flame (11)
 p - a wand of polymorph (10)
 v - a wand of mindburst (18)
 C - a wand of iceblast (10)
 H - a wand of charming (8)
 J - a wand of acid (13)
Scrolls
 g - 6 scrolls of teleportation {unknown}
 h - 2 scrolls of revelation {unknown}
 i - 2 scrolls of immolation {unknown}
 j - 2 scrolls of vulnerability {unknown}
 l - 6 scrolls of fog {unknown}
 m - 7 scrolls of identify {unknown}
 y - 3 scrolls of blinking {unknown}
 A - a scroll of enchant armour {unknown}
 D - a scroll of poison {unknown}
 E - 2 scrolls of brand weapon {unknown}
 K - a scroll of noise {unknown}
Potions
 d - a potion of magic
 e - 2 potions of might {unknown}
 k - 3 potions of enlightenment {unknown}
 q - 5 potions of curing {unknown}
 s - 3 potions of berserk rage {unknown}
 t - a potion of attraction {unknown}
 u - 4 potions of heal wounds {unknown}
 w - a potion of haste {unknown}
 x - a potion of mutation {unknown}
 B - 3 potions of brilliance {unknown}
 G - 3 potions of cancellation {unknown}


   Skills:
 + Level 3.4 Fighting
 - Level 3.3 Armour
 - Level 3.0 Dodging
 - Level 3.0 Stealth
 * Level 11.9 Spellcasting
 + Level 6.5 Conjurations
 - Level 1.1 Summonings
 - Level 1.1 Translocations
 + Level 3.5 Ice Magic
 - Level 1.0 Air Magic
 - Level 1.0 Alchemy
 - Level 1.0 Evocations


You had 14 spell levels left.
You knew the following spells:

 Your Spells              Type           Power      Damage    Failure   Level
a - Magic Dart            Conj           100%       1d8       1%          1
b - Mephitic Cloud        Conj/Alch/Air  28%        N/A       1%          3
c - Call Imp              Summ           38%        N/A       1%          2
d - Blink                 Tloc           38%        N/A       1%          2
e - Freezing Cloud        Conj/Ice/Air   16%        6-21      11%         5
f - Iskenderun's Mystic   Conj/Tloc      32%        2d8       3%          4

Your spell library contained the following spells:

 Spells                   Type           Power      Damage    Failure   Level
 Kiss of Death            Conj/Necr      100%       2d13      1%          1
 Slow                     Hex            56%        N/A       1%          1
 Cigotuvi's Dreadful Rot  Necr/Alch/Air  34%        N/A       1%          2
 Ensorcelled Hibernation  Hex/Ice        44%        N/A       1%          2
 Mercury Vapours          Alch/Air       38%        N/A       1%          2
 Call Canine Familiar     Summ           19%        N/A       3%          3
 Swiftness                Air            19%        N/A       3%          3
 Fugue of the Fallen      Necr           14%        N/A       5%          3
 Passwall                 Erth           14%        N/A       5%          3
 Sigil of Binding         Hex            14%        N/A       5%          3
 Tukima's Dance           Hex            14%        N/A       5%          3
 Dimensional Bullseye     Hex/Tloc       8%         N/A       14%         4
 Anguish                  Hex/Necr       7%         N/A       17%         4


Dungeon Overview and Level Annotations

Branches:
Dungeon (8/15)             Temple (1/1) D:5           Sewer (visited)
   Lair: D:8-11

Altars:
Ashenzari
Dithmenos
Elyvilon
Fedhas
Gozag
Hepliaklqana
Kikubaaqudgha
Makhleb
Nemelex Xobeh
Okawaru
Qazlal
Ru
Sif Muna
Trog
Uskayaw
Vehumet
Wu Jian
Yredelemnul
Zin
The Shining One

Shops:
D:5 *

Annotations:
D:5 2 transporters, KSaturn's ghost, amateur HuSu
D:6 4 runed translucent doors


Message History

The vampire is moderately damaged.
The vampire is knocked back by the mystic blast.
The vampire slams into the rock wall.
Unknown command.
Unknown command.
The vampire gestures at you while chanting.
You resist with some effort.
There is an open door here.
The centaur shouts!
Casting: Iskenderun's Mystic Blast (dangerous; 3% risk of failure)
Confirm with . or Enter, or press ? or * to list all spells.
Aiming: Freezing Cloud (quite dangerous; 11% risk of failure)
Press: ? - help, Dir - move target You miscast Freezing Cloud.
You are very lightly contaminated with residual magic.
There is a short, sharp shower of sparks!
Casting: Freezing Cloud (quite dangerous; 11% risk of failure)
Confirm with . or Enter, or press ? or * to list all spells.
A tiny devil pulls itself out of the air.
The vampire hits you but does no damage.
The vampire closely misses you.
You swap places.
The vampire gestures wildly while chanting.
The vampire flickers and vanishes!
Deactivating autopickup; reactivate with Ctrl-A.
Something hits your cerulean imp! Something bites your cerulean imp.
Your cerulean imp dies!
Your cerulean imp disappears in a puff of smoke!
Something hits you. Something barely misses you.
Your magical contamination has completely faded away.
Casting: Call Imp (safe; 1% risk of failure)
Confirm with . or Enter, or press ? or * to list all spells.
A tiny devil pulls itself out of the air.
Something hits you!
* * * LOW HITPOINT WARNING * * *
Something bites you.
* * * LOW HITPOINT WARNING * * *
Something draws strength from your injuries!
Something hits you!
You die...

#.#/....}# #..##...#
##.## #.#ß....ß#
##.###..# #...
#.##ßc{ß####### .#.#
#.## #...
#..##++##.'.#.##o#.# #.#
##..
##........#..#.#.#.###.#
##.
##....#..#.####.#.#...#
#.
####....##V.V)##...###
#. #.....######...## ##
###......@5....#
##..........##
############


You could see a friendly cerulean imp (summoned).

Vanquished Creatures
  Maurice (D:8)
  A troll (D:6)
  Sigmund (D:2)
  A water moccasin (D:6)
  Duvessa (D:4)
  A sky beast (D:8)
  A black bear (D:4)
  2 ogres
  3 phantoms
  2 bullfrogs (Sewer)
  A wight (D:6)
  2 scorpions (D:6)
  Dowan (D:4)
  2 howler monkeys
  A crimson imp (D:6)
  A bombardier beetle (D:6)
  A jelly (D:4)
  Crazy Yiuf (D:4)
  4 hounds
  3 orc priests
  Terence (D:2)
  2 iguanas
  2 orc wizards
  A sleepcap (D:5)
  6 gnolls
  9 adders
  A river rat (Sewer)
  2 ribbon worms (D:3)
  3 dart slugs
  21 orcs
  15 ball pythons
  6 bats
  10 endoplasms
  5 giant cockroaches
  4 goblins
  3 hobgoblins
  8 quokkas
  4 frilled lizards
  3 kobolds
  23 rats
160 creatures vanquished.

Notes
Turn   | Place    | Note
-------+----------+-------------------------------------------
     0 | D:1      | pokeman the Deep Elf Hedge Wizard began the quest for the
                  | Orb.
     0 | D:1      | Reached XP level 1. HP: 10/10 MP: 7/7
   456 | D:1      | Reached XP level 2. HP: 16/16 MP: 4/9
  1231 | D:1      | Reached skill level 5 in Spellcasting
  1675 | D:2      | Noticed Terence
  1991 | D:2      | Found a faded altar of an unknown god.
  2008 | D:2      | Noticed Sigmund
  2021 | D:2      | Reached XP level 3. HP: 20/20 MP: 8/11
  2025 | D:2      | Learned a level 3 spell: Mephitic Cloud
  2028 | D:2      | Learned a level 2 spell: Call Imp
  2031 | D:2      | Learned a level 2 spell: Blink
  2083 | D:2      | Killed Sigmund
  2084 | D:2      | Reached skill level 1 in Fighting
  2084 | D:2      | Reached skill level 1 in Armour
  2084 | D:2      | Reached skill level 6 in Spellcasting
  2084 | D:2      | Reached XP level 4. HP: 21/26 MP: 10/14
  2084 | D:2      | Reached XP level 5. HP: 24/30 MP: 10/15
  2340 | D:2      | Killed Terence
  2973 | D:3      | Found a basalt altar of Yredelemnul.
  2994 | D:3      | Reached XP level 6. HP: 22/35 MP: 11/17
  3088 | D:3      | Found a glowing drain.
  3096 | Sewer    | Entered a sewer
  3315 | Sewer    | Reached skill level 7 in Spellcasting
  3385 | Sewer    | Reached skill level 1 in Air Magic
  3385 | Sewer    | Reached skill level 1 in Alchemy
  3385 | Sewer    | Reached skill level 1 in Evocations
  3529 | D:3      | Found a broken altar of Ashenzari.
  3629 | D:3      | Found a sacrificial altar of Ru.
  3908 | D:4      | Reached XP level 7. HP: 32/40 MP: 14/20
  4015 | D:4      | Reached skill level 8 in Spellcasting
  4156 | D:4      | Noticed Duvessa
  4157 | D:4      | Noticed Dowan
  4176 | D:4      | Killed Duvessa
  4177 | D:4      | Reached skill level 9 in Spellcasting
  4183 | D:4      | Killed Dowan
  4192 | D:4      | Reached XP level 8. HP: 27/44 MP: 15/23
  4413 | D:4      | Found a runed translucent door.
  4414 | D:4      | Noticed Crazy Yiuf
  4583 | D:4      | Killed Crazy Yiuf
  4629 | D:5      | Entered Level 5 of the Dungeon
  4649 | D:5      | Found a staircase to the Ecumenical Temple.
  4658 | Temple   | Found a transporter.
  4658 | Temple   | Found a transporter.
  4658 | Temple   | Found a transporter.
  4658 | Temple   | Found a transporter.
  4658 | Temple   | Entered the Ecumenical Temple
  4680 | Temple   | Became a worshipper of Vehumet
  4932 | D:5      | Reached skill level 5 in Conjurations
  5092 | D:5      | Reached skill level 10 in Spellcasting
  5118 | D:5      | Found a transporter.
  5120 | D:5      | Noticed KSaturn's ghost (amateur HuSu)
  5148 | D:5      | Learned a level 5 spell: Freezing Cloud
  5168 | D:5      | Found Bupt's Mass Market.
  5183 | D:5      | Found a bloodstained altar of Trog.
  5352 | D:5      | You fall into a shaft and drop 3 floors!
  5403 | D:8      | Noticed Maurice
  5425 | D:8      | Killed Maurice
  5548 | D:8      | Reached skill level 11 in Spellcasting
  5677 | D:6      | Reached XP level 9. HP: 49/49 MP: 23/26
  5998 | D:5      | Found a transporter.
  6212 | D:6      | Reached * piety under Vehumet
  6212 | D:6      | Offered knowledge of Kiss of Death by Vehumet.
  6458 | D:6      | Found a large runed translucent door.
  6458 | D:6      | Found a large runed translucent door.
  6474 | D:6      | Found a large runed translucent door.
  6474 | D:6      | Found a large runed translucent door.
  6506 | D:6      | Noticed a troll
  6528 | D:6      | Killed a troll
  6644 | D:6      | Identified the +8 chain mail "Bynig" {rElec Dex+4}
  6675 | D:6      | Found a burning altar of Makhleb.
  6905 | D:6      | Learned a level 4 spell: Iskenderun's Mystic Blast
  6932 | D:6      | Slain by a vampire

Illustrated notes

Levels and vault maps discovered:
D:1:      tarquinn_simple_flora_water_e, layout_basic
D:2:      layout_basic, chequers_ecumenical_altar_island, minmay_tromino_mix6,
          uniq_sigmund, uniq_terence
D:3:      layout_rooms, mainiacjoe_overflow_catch_the_wave,
          nicolae_ru_the_path_less_chosen, gup_sewer_entry_bubbles
D:4:      layout_rooms, uniq_crazy_yiuf_cottage, uniq_duvessa
D:5:      layout_basic, lemuel_crystal_altar, lemuel_temple_firewalk_b,
          gammafunk_ghost_mausoleum, minmay_shop_mass
D:6:      minmay_klotski, layout_cave_pools, makhleb_grotto_becter,
          minmay_hollow_rounded_squares
D:7:      layout_rooms, lemuel_doored_altar, uniq_jeremiah
D:8:      layout_loops_corners, kennysheep_slug_shrine, serial_shops,
          nicolae_shop_rolling_square, uniq_maurice
Temple:   hellmonk_temple_divided_pantheon

Skill      XL: |  1  2  3  4  5  6  7  8  9 |
---------------+----------------------------+-----
Spellcasting   | 5 6 7 9 11 | 11.9
Fighting       | 1 2 3 |  3.4
Armour         | 1 2 3 |  3.3
Conjurations   | 2 3 4 6 |  6.5
Stealth        | 3 |  3.0
Dodging        | 3 |  3.0
Air Magic      | 1 |  1.0
Alchemy        | 1 |  1.0
Evocations     | 1 |  1.0
Ice Magic      | 2 3 |  3.5
Summonings     | |  1.1
Translocations | |  1.1

Action                     |  1- 3 |  4- 6 |  7- 9 || total
---------------------------+-------+-------+-------++-------
  Melee: Dagger            |     7 |    26 |    16 ||    49
         Quarterstaff      |       |       |    56 ||    56
   Cast: Magic Dart        |    57 |   154 |   150 ||   361
         Mephitic Cloud    |     1 |     5 |    23 ||    29
         Call Imp          |       |       |     5 ||     5
         Freezing Cloud    |       |       |     6 ||     6
         Iskenderun's Myst |       |       |     5 ||     5
   Stab: Confused          |     2 |     4 |    10 ||    16
 Armour: Robe              |     4 |    34 |    59 ||    97
  Dodge: Dodged            |     8 |    24 |    75 ||   107

Table legend: (Time is in decaauts)
 A = Elapsed time spent in this place.
 B = Non-inter-level travel time spent in this place.
 C = Inter-level travel time spent in this place.
 D = Time resting spent in this place.
 E = Time spent auto-exploring this place.
 F = Levels seen in this place.
 G = Mean time per level.
                   A        B        C        D        E       F      G
               +--------+--------+--------+--------+--------+-----+--------+
         Total |   7011 |   6637 |    374 |    100 |   5279 |  10 |  701.1 |
       Dungeon |   6608 |   6243 |    365 |    100 |   5004 |   8 |  826.0 |
        Temple |     41 |     32 |      9 |      0 |      0 |   1 |   41.0 |
         Sewer |    361 |    361 |      0 |      0 |    274 |   1 |  361.0 |
               +--------+--------+--------+--------+--------+-----+--------+

Top non-repeatable levels by time:
     D:1: 1759 daAuts
     D:2: 1115 daAuts
     D:5: 1069 daAuts
     D:6: 904 daAuts
     D:4: 771 daAuts
     D:3: 684 daAuts
   Sewer: 361 daAuts
     D:8: 271 daAuts
  Temple: 41 daAuts
     D:7: 32 daAuts
